Map: Beckett Industries LE

Players

PartinG - Winner!

  • Race: Protoss Protoss

Trap

  • Race: Protoss Protoss

Event: DreamHack SC2 Masters 2021 Fall

VOD

Have the link to the VOD?

Description

Time

  • Played on: Sept. 12, 2021, 10:47 a.m.
  • Length: 8:16

All games in this series

Show
View Real Time Build Order
Export as new Build Order

PartinG Protoss - Winner!

Build Orders: Oracle Opening 

Get SALT Encoding   

  12  0:00  Probe  
  13  0:12  Probe  
  14  0:17  Pylon  
  14  0:24  Probe (Chrono Boost)  
  15  0:36  Probe (Chrono Boost)  
  15  0:37  Gateway  
  16  0:44  Probe (Chrono Boost)  
  16  0:46  Assimilator  
  17  0:51  Probe  
  17  0:55  Assimilator  
  18  1:03  Probe (Chrono Boost)  
  19  1:08  Gateway  
  19  1:12  Probe (Chrono Boost)  
  19  1:17  Probe (Chrono Boost)  
  20  1:24  Cybernetics Core  
  21  1:29  Probe  
  22  1:41  Probe  
  22  1:44  Pylon  
  23  2:00  Warp Gate  
  23  2:02  Stalker, Probe  
  23  2:03  Stalker  
  28  2:13  Pylon  
  28  2:18  Probe  
  29  2:27  Stargate  
  29  2:33  Stalker  
  30  2:39  Stalker  
  32  3:11  Oracle (Chrono Boost)  
  32  3:16  Nexus  
  35  3:24  Shield Battery  
  35  3:28  Shield Battery  
  36  3:39  Robotics Facility  
  35  3:48  Shield Battery  
  35  3:49  Stalker  
  35  3:55  Stalker  
  35  4:07  Shield Battery  
  33  4:12  Pylon  
  33  4:17  Sentry  
  33  4:22  Stalker  
  37  4:25  Pylon  
  37  4:27  Shield Battery  
  37  4:29  Shield Battery  
  37  4:40  Immortal (Chrono Boost)  
  41  4:47  Stalker  
  43  4:53  Gateway  
  43  5:00  Pylon  
  43  5:09  Pylon  
  43  5:17  Gateway  
  43  5:20  Sentry  
  45  5:30  Warp Prism (Chrono Boost)  
  47  5:47  Stalker  
  49  5:56  Stalker  
  49  6:04  Immortal (Chrono Boost)  
  53  6:21  Stalker  
  53  6:24  Pylon  
  55  6:43  Stalker  
  55  6:44  Stalker x2  
  59  7:09  Stalker x2  
  63  7:26  Pylon  
  63  7:46  Stalker x3  
  63  7:49  Observer  
  70  7:59  Pylon  
Show
View Real Time Build Order
Export as new Build Order

Trap Protoss 

Build Orders:  

Get SALT Encoding   

  12  0:00  Probe  
  13  0:12  Probe  
  14  0:17  Pylon  
  14  0:24  Probe (Chrono Boost)  
  15  0:36  Gateway, Probe (Chrono Boost)  
  16  0:44  Probe (Chrono Boost)  
  17  0:50  Probe  
  17  0:53  Assimilator  
  17  0:55  Assimilator  
  18  1:03  Probe (Chrono Boost)  
  19  1:07  Gateway  
  19  1:13  Probe (Chrono Boost)  
  19  1:17  Probe (Chrono Boost)  
  20  1:23  Cybernetics Core  
  21  1:29  Probe  
  22  1:33  Pylon  
  22  1:41  Probe  
  23  1:53  Probe  
  24  1:58  Warp Gate (Chrono Boost)  
  24  1:59  Adept  
  24  2:00  Adept  
  28  2:05  Pylon  
  28  2:16  Shield Battery  
  28  2:25  Pylon  
  28  2:29  Stalker  
  30  2:31  Stalker  
  32  2:41  Robotics Facility  
  32  2:43  Gateway  
  32  2:59  Stalker  
  32  3:01  Stalker  
  36  3:07  Pylon  
  36  3:26  Warp Prism (Chrono Boost)  
  36  3:32  Shield Battery  
  37  3:44  Stalker x2  
  39  3:55  Stalker  
  39  3:57  Observer  
  40  4:13  Stalker x2  
  43  4:20  Stalker  
  45  4:27  Pylon  
  45  4:41  Stalker  
  45  4:45  Observer  
  47  5:02  Stalker x2  
  47  5:04  Stalker  
  53  5:13  Pylon  
  53  5:26  Twilight Council  
  53  5:37  Adept x3  
  59  5:44  Pylon  
  59  5:56  Blink (Chrono Boost)  
  57  6:11  Stalker  
  59  6:28  Sentry  
  59  6:33  Sentry  
  59  6:56  Stalker  
  57  7:03  Stalker  
  55  7:09  Stalker x2  
  51  7:31  Stalker  
  51  7:32  Stalker  
  53  7:39  Stalker  
  45  7:56  Stalker x2  

Tags
 
Add a new tag
Caveats
  • Supply blocks, unpowered buildings, or Contaminate may cause inaccurate times.
  • Supply counts are checked every 10 seconds.